 Dungeon Crawl Stone Soup version 0.19.0-16-g73b5abf (webtiles) character file.

114 Patchouli the Sneak (level 4, -2/23 HPs)
             Began as a Spriggan Assassin on Nov 11, 2016.
             Shot with an arrow by a centaur (9 damage)
             ... on level 5 of the Dungeon.
             The game lasted 00:03:41 (567 turns).

Patchouli the Sneak (Spriggan Assassin)              Turns: 567, Time: 00:03:41

Health: -2/23      AC:  3    Str:  7    XL:     4   Next: 66%
Magic:  14/14      EV: 17    Int: 13    God:
Gold:   73         SH:  0    Dex: 17    Spells: 0 memorised, 3 levels left

rFire  . . .     SeeInvis +     b - +0 blowgun
rCold  . . .     Gourm    .     c - +0 robe
rNeg   . . .     Faith    .     (shield restricted)
rPois  .         Spirit   .     (helmet restricted)
rElec  .         Reflect  .     d - +0 cloak
rCorr  +         Harm     .     (gloves unavailable)
MR     .....                    (boots unavailable)
Stlth  ++++......               (no amulet)
                                l - ring of magical power
                                j - ring of resist corrosion

@: very quick
A: unfitting armour, see invisible, herbivore 3, speed 3, slow metabolism 2
a: no special abilities


You were on level 5 of the Dungeon.
You were not hungry.

You visited 1 branch of the dungeon, and saw 5 of its levels.

You collected 73 gold pieces.

Inventory:

Hand Weapons
 a - a +2 short sword of draining
 b - a +0 blowgun (weapon)
 m - a +2 dagger
Missiles
 e - 5 poisoned needles
 f - 2 curare-tipped needles
 k - 2 needles of confusion (quivered)
Armour
 c - a +0 robe (worn)
 d - a +0 cloak (worn)
Jewellery
 j - a ring of resist corrosion (left hand)
 l - a ring of magical power (right hand)
Scrolls
 i - 2 scrolls of remove curse
 p - a scroll of noise
Potions
 h - a potion of lignification {unknown}
 n - a potion of mutation {unknown}
 q - a potion of curing {unknown}
Comestibles
 g - 2 bread rations


   Skills:
 + Level 2.1 Fighting
 * Level 3.5 Short Blades
 + Level 2.6 Throwing
 + Level 2.4 Dodging
 * Level 6.9 Stealth


You had 3 spell levels left.
You didn't know any spells.

Dungeon Overview and Level Annotations

Branches:
Dungeon (5/15)
 Temple: D:4-7

Altars:
Ashenzari


Innate Abilities, Weirdness & Mutations

You are very small and have problems with some larger weapons.
You are too small for most types of armour.
You have supernaturally acute eyesight. (SInv)
You are a herbivore.
You cover ground extremely quickly.
You need consume almost no food.


Message History

The centaur shoots an arrow.
The arrow hits you.
The crimson imp laughs crazily.
Firing (i - inventory. (,) - cycle):
e - 6 poisoned needles (quivered)
Press: ? - help, Shift-Dir - straight line, f/p - centaur
Aim: a centaur, wielding a shortbow (heavily wounded, poisoned, lightly drained)
You shoot a poisoned needle. The poisoned needle hits the centaur.
The centaur looks even sicker.
The centaur is heavily wounded.
The centaur shoots an arrow.
The arrow closely misses you.
The crimson imp blinks!
Quiver which item? (- for none, * to show all) (? for menu, Esc to quit)
Quivering
k - 3 needles of confusion for blowguns.
Firing (i - inventory. (,) - cycle):
k - 3 needles of confusion (quivered)
Press: ? - help, Shift-Dir - straight line, f/p - centaur
Aim: a centaur, wielding a shortbow (heavily wounded, poisoned, lightly drained)
You shoot a needle of confusion.
The needle of confusion closely misses the centaur.
The centaur shoots an arrow.
The arrow hits you.
The centaur shoots an arrow.
The arrow hits you!
You die...

### #(. #ยง#
#c# #.# #@#
##########.#
#.........(#
#.##########
#.# #.#
#.### #...#
###.#


You could see a centaur.

Vanquished Creatures
  A scorpion (D:5)
  Terence (D:2)
  2 hound skeletons (D:4)
  2 dart slugs
  A giant cockroach (D:2)
  A goblin (D:2)
  A bat (D:2)
  2 frilled lizards (D:1)
  A kobold (D:3)
  A rat (D:1)
13 creatures vanquished.

Notes
Turn   | Place    | Note
-------+----------+-------------------------------------------
     0 | D:1      | Patchouli the Spriggan Assassin began the quest for the Orb.
     0 | D:1      | Reached XP level 1. HP: 10/10 MP: 2/2
   251 | D:2      | Noticed Terence
   272 | D:2      | Killed Terence
   272 | D:2      | Reached skill level 6 in Stealth
   272 | D:2      | Reached XP level 2. HP: 15/15 MP: 3/3
   272 | D:2      | Reached XP level 3. HP: 18/18 MP: 4/4
   380 | D:3      | Found a shattered altar of Ashenzari.
   478 | D:5      | Entered Level 5 of the Dungeon
   478 | D:5      | Noticed a scorpion
   481 | D:5      | Killed a scorpion
   481 | D:5      | Reached XP level 4. HP: 19/23 MP: 5/5
   552 | D:5      | Noticed a centaur
   567 | D:5      | Shot with an arrow by a centaur

Skill      XL: |  1  2  3 |
---------------+----------+-----
Dodging        | 2 |  2.4
Stealth        | 6 |  6.9
Short Blades   | 3 |  3.5
Fighting       | 2 |  2.1
Throwing       | |  2.6

Action                   |  1- 3 |  4- 6 || total
-------------------------+-------+-------++-------
Melee: Dagger            |    41 |       ||    41
       Short sword       |     1 |     3 ||     4
 Fire: Blowgun           |    10 |     4 ||    14
  Use: Scroll            |     3 |       ||     3
 Stab: Sleeping          |     7 |       ||     7
Armor: Robe              |     7 |       ||     7
Dodge: Dodged            |    35 |     3 ||    38
